 Dungeon Sprint DCSS version 0.28-a0-697-g47f3eba078 (webtiles) character file.

Game seed: 7582919711427080711

1204 mhtbhm the Thrower (level 8, 0/61 HPs)
             Began as a Human Hunter on Oct 24, 2021.
             Was an Initiate of Okawaru.
             Slain by Erica (2 damage)
             ... in the Dungeon (Sprint III: "The Ten Rune Challenge").
             The game lasted 00:05:18 (1518 turns).

mhtbhm the Thrower (Human Hunter)                   Turns: 1518, Time: 00:05:18

Health: 0/61       AC:  5    Str: 14    XL:     8   Next: 73%
Magic:  8/8        EV: 14    Int: 11    God:    Okawaru [......]
Gold:   36         SH:  0    Dex: 15    Spells: 7/7 levels left

rFire   . . .      SeeInvis .   a - +2 long sword (holy)
rCold   + . .      Faith    .   (no shield)
rNeg    . . .      Spirit   .   b - +0 leather armour
rPois   .          Reflect  .   (no helmet)
rElec   +          Harm     .   g - +0 cloak
rCorr   .          Rampage  .   (no gloves)
Will    .....      NoTele   +   (no boots)
Stlth   +.........              (no amulet)
HPRegen 0.20/turn               (no ring)
MPRegen 0.11/turn               (no ring)

@: very slow
A: cold resistance 1, screaming 1, electricity resistance, MP-powered wands
a: Renounce Religion


You were in the Dungeon.
You worshipped Okawaru.
Okawaru was noncommittal.
You visited 1 branch You collected 36 gold pieces.

Inventory:

Hand Weapons
 a - a +2 long sword of holy wrath (weapon)
Missiles
 c - 5 javelins (quivered)
Armour
 b - a +0 leather armour (worn)
 g - a +0 cloak (worn)
Potions
 h - 3 potions of magic
 k - 3 potions of flight
 m - a potion of mutation
Miscellaneous
 f - a condenser vane (inert)


   Skills:
 + Level 4.7 Fighting
 + Level 5.9 Short Blades
 + Level 14.2 Throwing
 + Level 6.3 Armour
 + Level 5.6 Dodging
 + Level 4.1 Stealth


You had 7 spell levels left.
You didn't know any spells.
Your spell library contained the following spells:

 Spells                   Type           Power      Damage    Failure   Level
 Apportation              Tloc           0%         N/A       41%         1
 Olgreb's Toxic Radiance  Pois           0%         N/A       99%         4
 Ozocubu's Refrigeration  Ice            0%         4d5       100%        7
 Ignition                 Fire           0%         3d3       100%        8
 Animate Skeleton         Necr           Unusable   N/A       N/A         1
 Summon Small Mammal      Summ           Unusable   N/A       N/A         1

Dungeon Overview and Level Annotations

Branches:
Dungeon (1/1)

Altars:
Cheibriados
Dithmenos
Elyvilon
Fedhas
Gozag
Hepliaklqana
Kikubaaqudgha
Makhleb
Nemelex Xobeh
Okawaru
Qazlal
Ru
Sif Muna
Trog
Uskayaw
Vehumet
Wu Jian
Xom
Yredelemnul
Zin
The Shining One
Beogh
Jiyva
Lugonu

Annotations:
D Erica


Innate Abilities, Weirdness & Mutations

Your flesh is cold resistant. (rC+)
You occasionally shout uncontrollably at your foes.
You are resistant to electric shocks. (rElec)
You expend magic power (3 MP) to strengthen your wands.


Message History

Erica is lightly wounded.
Erica struggles against the net.
You slash Erica!
Erica is moderately wounded.
Erica casts a spell at you. The lance of force hits you!!
You are knocked back by the lance of force.
You slam into the rock wall!
Splash!
You fall into the shallow water.
Moving in this stuff is going to be slow.
Unknown command.
Erica struggles against the net.
The net rips apart, and Erica comes free!
You feel better.
Okay, then.
Throw: 6 javelins
Press: ? - help, Q - select action, (/) - cycle Shift-Dir - straight line, f/p - Erica
Aim: Erica, wielding a +0 scimitar of flaming and wearing a +1 robe of the Archmagi (moderately wounded, 65% to hit)
You throw a javelin. The javelin barely misses Erica.
Erica points at you and mumbles some strange words.
The lance of force hits you!!
* * * LOW HITPOINT WARNING * * *
You are knocked back by the lance of force.
You slam into the rock wall!
* * * LOW HITPOINT WARNING * * *
Splash!
You feel better.
You aren't carrying any scrolls.
Unknown command.
Clouds of noxious fumes condense around you!
The condenser dries out!
Unknown command.
Unknown command.
You barely miss Erica.
Erica is moderately wounded.
Erica hits you with a +0 scimitar of flaming!
* * * LOW HITPOINT WARNING * * *
Erica burns you.
You die...

♣.############
♣.#___#___#__#
♣.#÷).#__)#)_#
..###'#'###'##
..#..........#
♣.†.⌠........#
♣.#...######'#
..#.⌠.#__#...#+#####
..#...#__#...#.§@§§+
..#'###__#...#.#@§§#
..#.).#__#...'.#§§§#
..#___#__'...#.#..§#
▓▓▓▓▓▓▓▓▓▓▓▓▓▓▓▓▓▓▓▓


You could see Erica.

Vanquished Creatures
  A deep elf pyromancer (D)
  A shadow (D)
  A spatial vortex (D)
  A necrophage (D)
  A water elemental (D)
  A jelly (D)
  A wizard (D)
  A necromancer (D)
  3 humans (D)
  A kobold demonologist (D)
  A phantom (D)
  An endoplasm (D)
  3 rats (D)
17 creatures vanquished.

Notes
Turn   | Place    | Note
-------+----------+-------------------------------------------
     0 | D        | mhtbhm the Human Hunter began the quest for the Orb.
     0 | D        | Reached XP level 1. HP: 16/16 MP: 1/1
    88 | D        | Reached skill level 6 in Throwing
    88 | D        | Reached XP level 2. HP: 9/23 MP: 2/2
    88 | D        | Reached XP level 3. HP: 11/28 MP: 3/3
   371 | D        | Gained mutation: You sometimes lose the ability to read
                  | scrolls when taking damage. [potion of mutation]
   371 | D        | Gained mutation: You have a pair of small antennae on your
                  | head. [potion of mutation]
   372 | D        | Lost mutation: You sometimes lose the ability to read
                  | scrolls when taking damage. [potion of mutation]
   372 | D        | Lost mutation: You have a pair of small antennae on your
                  | head. [potion of mutation]
   372 | D        | Gained mutation: You are resistant to electric shocks.
                  | (rElec) [potion of mutation]
   372 | D        | Gained mutation: You are weak. (Str -2) [potion of
                  | mutation]
   372 | D        | Gained mutation: You are strong-willed. (Will+) [potion of
                  | mutation]
   373 | D        | Lost mutation: You are weak. (Str -2) [potion of mutation]
   373 | D        | Lost mutation: You are strong-willed. (Will+) [potion of
                  | mutation]
   373 | D        | Gained mutation: You occasionally shout uncontrollably at
                  | your foes. [potion of mutation]
   373 | D        | Gained mutation: Your flesh is cold resistant. (rC+)
                  | [potion of mutation]
   373 | D        | Gained mutation: You expend magic power (3 MP) to
                  | strengthen your wands. [potion of mutation]
   572 | D        | Noticed a water elemental
   576 | D        | Killed a water elemental
   577 | D        | Reached skill level 7 in Throwing
   577 | D        | Reached skill level 1 in Armour
   577 | D        | Reached XP level 4. HP: 34/34 MP: 4/4
   711 | D        | Reached skill level 8 in Throwing
   711 | D        | Reached XP level 5. HP: 40/40 MP: 5/5
   808 | D        | Found a basalt altar of Yredelemnul.
   808 | D        | Found a shadowy altar of Dithmenos.
   808 | D        | Found a sacrificial altar of Ru.
   808 | D        | Noticed a necrophage
   809 | D        | Noticed a shadow
   815 | D        | Killed a shadow
   815 | D        | Killed a necrophage
   816 | D        | Reached skill level 11 in Throwing
   816 | D        | Reached XP level 6. HP: 17/48 MP: 6/6
   816 | D        | Reached XP level 7. HP: 19/53 MP: 7/7
   996 | D        | Found a blossoming altar of Fedhas.
   996 | D        | Found a stormy altar of Qazlal.
   996 | D        | Found a snail-covered altar of Cheibriados.
   996 | D        | Found a burning altar of Makhleb.
   996 | D        | Found a shimmering altar of Xom.
   997 | D        | Found a hazy altar of Hepliaklqana.
   997 | D        | Found an opulent altar of Gozag.
   997 | D        | Found a sparkling altar of Nemelex Xobeh.
   997 | D        | Found a corrupted altar of Lugonu.
   997 | D        | Found a viscous altar of Jiyva.
   997 | D        | Noticed a spatial vortex
  1004 | D        | Killed a spatial vortex
  1005 | D        | Reached skill level 12 in Throwing
  1041 | D        | Found a glowing silver altar of Zin.
  1041 | D        | Found a glowing golden altar of the Shining One.
  1041 | D        | Found a white marble altar of Elyvilon.
  1041 | D        | Noticed a deep elf pyromancer
  1048 | D        | Killed a deep elf pyromancer
  1049 | D        | Reached skill level 5 in Short Blades
  1049 | D        | Reached skill level 13 in Throwing
  1049 | D        | Reached skill level 5 in Armour
  1049 | D        | Reached skill level 5 in Dodging
  1049 | D        | Reached XP level 8. HP: 29/61 MP: 8/8
  1238 | D        | Found a radiant altar of Vehumet.
  1238 | D        | Found a shimmering blue altar of Sif Muna.
  1238 | D        | Found an ancient bone altar of Kikubaaqudgha.
  1244 | D        | Noticed a smoke demon
  1302 | D        | Found a hide-covered altar of Uskayaw.
  1302 | D        | Found an iron altar of Okawaru.
  1302 | D        | Found a bloodstained altar of Trog.
  1302 | D        | Found an ornate altar of the Wu Jian Council.
  1302 | D        | Noticed a human
  1302 | D        | Noticed a human
  1344 | D        | Killed a human
  1345 | D        | Reached skill level 14 in Throwing
  1402 | D        | Killed a human
  1485 | D        | Became a worshipper of Warmaster Okawaru
  1507 | D        | Noticed Erica
  1518 | D        | HP: 2/61 [Erica (17)]
  1518 | D        | Slain by Erica

Illustrated notes

Levels and vault maps discovered:
D:        dungeon_sprint_mu [sprint_mu_entry_forest, sprint_mu_temple_rooms,
          sprint_mu_d1_horrors, sprint_mu_d2_genie, sprint_mu_d3_branching,
          sprint_mu_orc_legion, sprint_mu_elf_gauntlet, sprint_mu_hive_nellie,
          sprint_mu_lair_fedhas, sprint_mu_vaults_butterflies,
          sprint_mu_slime_circle, sprint_mu_swamp_cave, sprint_mu_shoals_archi,
          sprint_mu_blade_basic, sprint_mu_crypt_lich, sprint_mu_tomb_spiral,
          sprint_mu_vestibule_basic, sprint_mu_gehenna_hellfire,
          sprint_mu_dis_giant, sprint_mu_tartarus_statrot,
          sprint_mu_cocytus_islands, sprint_mu_zot1]

Skill      XL: |  1  2  3  4  5  6  7  8 |
---------------+-------------------------+-----
Throwing       | 6 7 8 11 13 14 | 14.2
Short Blades   | 2 4 5 |  5.9
Armour         | 1 2 4 5 6 |  6.3
Dodging        | 3 4 5 |  5.6
Stealth        | 2 3 4 |  4.1
Fighting       | 3 4 |  4.7

Action                   |  1- 3 |  4- 6 |  7- 9 || total
-------------------------+-------+-------+-------++-------
Melee: Short sword       |    31 |     1 |       ||    32
       Long sword        |       |       |     8 ||     8
Throw: Javelin           |     8 |     8 |    22 ||    38
       Throwing net      |     1 |       |     2 ||     3
Evoke: Condenser vane    |       |       |     2 ||     2
  Use: Potion            |     5 |       |     3 ||     8
       Scroll            |     2 |     2 |     1 ||     5
 Stab: Sleeping          |     1 |       |       ||     1
Armor: Leather armour    |     4 |     2 |     2 ||     8
Dodge: Dodged            |    16 |     3 |     5 ||    24

Table legend: (Time is in decaauts)
 A = Elapsed time spent in this place.
 B = Non-inter-level travel time spent in this place.
 C = Inter-level travel time spent in this place.
 D = Time resting spent in this place.
 E = Time spent auto-exploring this place.
 F = Levels seen in this place.
 G = Mean time per level.
                   A        B        C        D        E       F      G
               +--------+--------+--------+--------+--------+-----+--------+
         Total |   1515 |   1515 |      0 |    984 |     33 |   1 | 1515.0 |
       Dungeon |   1515 |   1515 |      0 |    984 |     33 |   1 | 1515.0 |
               +--------+--------+--------+--------+--------+-----+--------+

Top non-repeatable levels by time:
       D: 1515 daAuts
